 Dungeon Crawl Stone Soup version 0.21-a0-271-ge7f0487 (webtiles) character file.

191 JackS81 the Poker (level 5, -4/38 HPs)
             Began as a Merfolk Skald on Sept 15, 2017.
             Slain by Terence
             ... wielding a +0 flail
              (14 damage)
             ... on level 3 of the Dungeon.
             The game lasted 00:16:15 (3088 turns).

JackS81 the Poker (Merfolk Skald)                   Turns: 3088, Time: 00:16:15

Health: -4/38      AC:  5    Str: 12      XL:     5   Next: 70%
Magic:  1/8        EV: 12    Int:  9 (12) God:
Gold:   209        SH:  0    Dex: 12 (14) Spells: 0/8 levels left

rFire    + . .     SeeInvis .   a - +0 spear
rCold    . . .     Gourm    .   (no shield)
rNeg     . . .     Faith    .   b - +0 leather armour
rPois    +         Spirit   .   (no helmet)
rElec    .         Reflect  .   (no cloak)
rCorr    .         Harm     .   (no gloves)
MR       .....                  (no boots)
Stlth    +.........             (no amulet)
HPRegen  0.12/turn              (no ring)
MPRegen  0.11/turn              (no ring)

@: no status effects
A: change form in water, swift swim, stealthy swim, molten scales 1, fire
resistance 1, poison resistance
a: no special abilities


You were on level 3 of the Dungeon.
You were not hungry.

You visited 1 branch of the dungeon, and saw 3 of its levels.

You collected 209 gold pieces.

Inventory:

Hand Weapons
 a - a +0 spear (weapon)
Missiles
 g - a javelin (quivered)
 k - 41 bolts
 l - 48 arrows
Armour
 b - a +0 leather armour (worn)
 i - a +0 scale mail
Wands
 q - a wand of flame (19/48)
Scrolls
 f - a scroll of teleportation {unknown}
 h - a scroll of enchant weapon {unknown}
 n - 4 scrolls of identify {unknown}
 o - a scroll of magic mapping {unknown}
 p - a scroll of recharging {unknown}
 r - a scroll of random uselessness {unknown}
 v - 2 scrolls of remove curse {unknown}
Potions
 j - 3 potions of mutation
 s - a potion of brilliance
Books
 c - a book of Battle

   Spells                             Type                      Level
   a - Infusion                       Charms                       1
   b - Shroud of Golubria             Charms/Translocation         2
   c - Song of Slaying                Charms                       2
   d - Spectral Weapon                Hexes/Charms                 3
   e - Regeneration                   Charms/Necromancy            3
Comestibles
 d - 2 bread rations
 m - 2 chunks of flesh
 u - a meat ration


   Skills:
 - Level 2.1 Fighting
 * Level 6.8 Polearms
 - Level 0.6 Armour
 - Level 2.6 Dodging
 - Level 2.0 Spellcasting
 + Level 4.8 Charms


You couldn't memorise any spells.
You knew the following spells:

 Your Spells              Type           Power        Failure   Level  Hunger
a - Infusion              Chrm           #...         6%          1    ##.....
b - Song of Slaying       Chrm           #.......     9%          2    ###....
c - Shroud of Golubria    Chrm/Tloc      #.........   24%         2    ###....
d - Spectral Weapon       Hex/Chrm       #.......     43%         3    ####...


Dungeon Overview and Level Annotations

Branches:
Dungeon (3/15)

Altars:
Dithmenos

Annotations:
D:3 Terence


Innate Abilities, Weirdness & Mutations

You revert to your normal form in water.
You are very nimble and swift while swimming.
You are very stealthy in the water. (Stealth+)
You are partially covered in molten scales. (AC +2)
Your flesh is heat resistant. (rF+)
Your system is resistant to poisons. (rPois)


Message History

You hit Terence but do no damage.
Terence is heavily wounded.
Terence barely misses you.
You barely miss Terence.
Terence is heavily wounded.
Terence hits you with a flail.
You hit Terence but do no damage.
Terence is heavily wounded.
Terence hits you but does no damage.
You hit Terence but do no damage.
Terence is heavily wounded.
Terence barely misses you.
You hit Terence.
Terence is severely wounded.
Terence hits you with a flail.
* * * LOW HITPOINT WARNING * * *
You hit Terence but do no damage.
Terence is severely wounded.
Terence hits you with a flail!
You die...

...... #..... #.....
#..... #..... #####.....
. #.........
....###########.........
.....(@@).....'.........
...(###########.........
. #......... #.........
######.........
#..............
#..............
#..............
#..............


You could see Terence (berserk).

Vanquished Creatures
  Robin (D:2)
  5 gnolls
  5 adders (D:2)
  An ooze (D:1)
  2 worms (D:2)
  A dart slug (D:3)
  A leopard gecko (D:3)
  4 orcs (D:3)
  10 bats
  2 giant cockroaches
  8 goblins
  9 hobgoblins
  11 kobolds
  3 quokkas
  4 frilled lizards
  5 rats
72 creatures vanquished.

Notes
Turn   | Place    | Note
-------+----------+-------------------------------------------
     0 | D:1      | JackS81 the Merfolk Skald began the quest for the Orb.
     0 | D:1      | Reached XP level 1. HP: 16/16 MP: 3/3
   100 | D:1      | Reached XP level 2. HP: 12/22 MP: 5/5
   452 | D:1      | Reached skill level 4 in Polearms
   452 | D:1      | Reached XP level 3. HP: 13/27 MP: 2/6
  1177 | D:2      | Learned a level 2 spell: Song of Slaying
  1180 | D:2      | Learned a level 2 spell: Shroud of Golubria
  1329 | D:2      | Reached XP level 4. HP: 32/33 MP: 5/7
  1333 | D:2      | Noticed Robin
  1357 | D:2      | Killed Robin
  1357 | D:2      | Reached skill level 5 in Polearms
  1487 | D:2      | Found a shadowy altar of Dithmenos.
  1797 | D:2      | Reached XP level 5. HP: 28/38 MP: 0/8
  2389 | D:2      | Gained mutation: You are partially covered in molten scales. (AC +2) [potion of mutation]
  2389 | D:2      | Gained mutation: Your flesh is heat resistant. (rF+) [potion of mutation]
  2389 | D:2      | Gained mutation: Your system is resistant to poisons. (rPois) [potion of mutation]
  2658 | D:3      | Reached skill level 6 in Polearms
  3006 | D:3      | Learned a level 3 spell: Spectral Weapon
  3051 | D:3      | Noticed Terence
  3088 | D:3      | Slain by Terence

Vault maps used:
D:1:      dpeg_arrival_lava_temple_mockup, serial_forest,
          infiniplex_forest_fountain, infiniplex_forest_lined_corner,
          infiniplex_forest_lined_3, infiniplex_forest_clump_double,
          infiniplex_forest_clump_double, infiniplex_forest_lined_3_way,
          infiniplex_forest_clump_small, minmay_misc_feat_square,
          minmay_misc_feat_diagonals
D:2:      overflow_temple_1_default, uniq_robin
D:3:      uniq_terence

Skill      XL: |  1  2  3  4  5 |
---------------+----------------+-----
Charms         | 4 |  4.8
Polearms       | 4 5 6 |  6.8
Fighting       | |  2.1
Armour         | |  0.6
Dodging        | |  2.6
Spellcasting   | |  2.0

Action                   |  1- 3 |  4- 6 || total
-------------------------+-------+-------++-------
Melee: Spear             |   118 |   183 ||   301
Throw: Javelin           |     8 |    15 ||    23
 Cast: Infusion          |     7 |     6 ||    13
       Song of Slaying   |     1 |     4 ||     5
  Use: Potion            |     1 |     7 ||     8
  Eat: Chunk             |     1 |     6 ||     7
       Fruit             |     1 |       ||     1
Armor: Leather armour    |    20 |    28 ||    48
Dodge: Dodged            |    63 |    80 ||   143

Table legend:
 A = Spawn XP
 B = Non-spawn XP
 C = Spawn XP percentage of total XP
 D = Spawn monster count
 E = Non-spawn monster count
 F = Spawn count percentage of total count
 G = Total turns spent on level
                    A         B        C        D         E        F      G
               +---------+---------+-------+---------+---------+-------+---------
         Total |       0 |     274 |   0.0 |       0 |      72 |   0.0 |  3088
               +---------+---------+-------+---------+---------+-------+---------
           D:1 |       0 |      54 |   0.0 |       0 |      25 |   0.0 |   970
           D:2 |       0 |     132 |   0.0 |       0 |      30 |   0.0 |  1452
           D:3 |       0 |      88 |   0.0 |       0 |      17 |   0.0 |   666
               +---------+---------+-------+---------+---------+-------+---------
